 Dungeon Crawl Stone Soup version 0.29-a0-275-g389c0b56f3 (webtiles) character file.

Game seed: 17154216137245355312

5817 kae the Grappler (level 10, -2/90 (100) HPs)
             Began as a Purple Draconian Transmuter on Mar 10, 2022.
             Was an Initiate of Ru.
             Slain by a wight
             ... wielding a +0 flail
              (3 damage)
             ... on level 8 of the Dungeon.
             The game lasted 00:06:36 (10448 turns).

kae the Grappler (Purple Draconian Transmuter)     Turns: 10448, Time: 00:06:37

HP:   -2/90 (100)   AC:  8    Str: 17    XL:     10   Next: 51%
MP:   20/20         EV: 12    Int: 17    God:    Ru [......]
Gold: 1004          SH:  0    Dex: 18    Spells: 14/22 levels left

rFire   . . .      SeeInvis +     - Unarmed
rCold   + + +      Faith    .   (shield currently unavailable)
rNeg    . . .      Spirit   .   (body armour unavailable)
rPois   +          Reflect  .   (helmet currently unavailable)
rElec   .          Harm     .   (cloak currently unavailable)
rCorr   .          Rampage  .   (gloves currently unavailable)
Will    +....                   (boots currently unavailable)
Stlth   ++........              h - amulet of the acrobat
HPRegen 0.25/turn               k - ring "Onudyep" {rF+ rC+ Str+4 Dex+6}
MPRegen 0.17/turn               d - ring of see invisible

@: ice-form, heavily drained
A: freezing attack, amphibious, boosted hp, (breathe power), AC +7, large,
unfitting armour, (cold-blooded)
a: End Transformation, Renounce Religion, Sacrifice Resistance, Sacrifice
Arcana, Sacrifice a Hand, Reject Sacrifices


You were on level 8 of the Dungeon.
You worshipped Ru.
Ru was noncommittal.
You were a creature of crystalline ice.
You visited 2 branches of the dungeon, and saw 10 of its levels.
You also visited: Bailey.

You collected 1004 gold pieces.

Inventory:

Hand Weapons
 B - the +5 broad axe "Xanel" {flame, rCorr}
   (You found it in a bailey)

   It burns those it strikes, dealing additional fire damage.
   Big, fiery blades are also staple armaments of hydra-hunters.
   rCorr:     It protects you from acid and corrosion.
Missiles
 n - a throwing net
Jewellery
 d - a ring of see invisible (right front paw)
 h - an amulet of the acrobat (around neck)
 j - a ring of positive energy
 k - the ring "Onudyep" (left front paw) {rF+ rC+ Str+4 Dex+6}
   (You found it on level 3 of the Dungeon)

   [ring of dexterity]

   Str:       It affects your strength (+4).
   Dex:       It affects your dexterity (+6).
   rF:        It protects you from fire.
   rC:        It protects you from cold.
 s - the amulet "Pyoqohiz" {RegenMP Int+2}
   (You found it on level 5 of the Dungeon)

   [amulet of magic regeneration]

   It increases your rate of magic regeneration.
   Int:       It affects your intelligence (+2).
 w - a ring of fire
 x - a ring of positive energy
Wands
 o - a wand of flame (58)
 r - a wand of polymorph (1)
 u - a wand of iceblast (5)
Scrolls
 e - 7 scrolls of identify
 m - a scroll of enchant armour
 v - a scroll of magic mapping
 y - a scroll of fog
 z - a scroll of teleportation
 A - a scroll of vulnerability
Potions
 a - 3 potions of lignification
 b - 2 potions of degeneration
 c - 2 potions of berserk rage
 f - 3 potions of ambrosia
 g - 3 potions of flight
 i - a potion of magic
 l - a potion of heal wounds
 p - a potion of attraction
 q - 3 potions of brilliance
 t - 2 potions of haste


   Skills:
 + Level 6.6 Fighting
 + Level 5.5 Dodging
 * Level 9.2 Unarmed Combat
 + Level 6.9 Spellcasting
 + Level 6.6 Transmutations
 - Level 5.0 Ice Magic
 - Level 2.0 Poison Magic


You had 14 spell levels left.
You knew the following spells:

 Your Spells              Type           Power      Damage    Failure   Level
a - Beastly Appendage     Tmut           56%        N/A       1%          1
b - Spider Form           Tmut/Pois      20%        N/A       6%          3
c - Ice Form              Ice/Tmut       25%        N/A       11%         4

Your spell library contained the following spells:

 Spells                   Type           Power      Damage    Failure   Level
 Wereblood                Tmut           28%        N/A       1%          2
 Pain                     Necr           20%        1d5       12%         1
 Gell's Gravitas          Tloc           5%         N/A       34%         3
 Teleport Other           Tloc           5%         N/A       34%         3
 Agony                    Necr           5%         N/A       97%         5
 Excruciating Wounds      Necr           2%         N/A       97%         5
 Dispersal                Tloc           2%         N/A       100%        6


Dungeon Overview and Level Annotations

Branches:
Dungeon (9/15)             Temple (1/1) D:6             Orc (0/2) D:9
 Bailey (visited)
   Lair: D:8-11

Altars:
Ashenzari
Cheibriados
Dithmenos
Elyvilon
Fedhas
Gozag
Hepliaklqana
Kikubaaqudgha
Makhleb
Nemelex Xobeh
Okawaru
Qazlal
Ru
Sif Muna
Trog
Uskayaw
Vehumet
Wu Jian
Xom
Yredelemnul
Zin
The Shining One

Shops:
D:8 (


Innate Abilities, Weirdness & Mutations

You are a creature of crystalline ice.
You have a powerful freezing melee attack.
You are amphibious.
Your maximum health is increased.
Your armour is entirely melded.
You are incapable of wielding weapons or throwing items.
((You can breathe bolts of dispelling energy.))
((Your rich purple scales are hard. (AC +7)))
You cannot fit into any form of body armour.
((You are cold-blooded and may be slowed by cold attacks.))


Message History

You feel drained.
* * * LOW HITPOINT WARNING * * *
You punch the wight! You freeze the wight.
The wight is almost destroyed.
The wight misses you.
The wight hits you from afar with a +3 spear!
* * * LOW HITPOINT WARNING * * *
The wight attacks as you move away! The wight hits you with a +0 flail.
* * * LOW HITPOINT WARNING * * *
You feel drained.
* * * LOW HITPOINT WARNING * * *
Okay, then.
You feel much better. The wight misses you.
The wight hits you from afar with a +3 spear.
* * * LOW HITPOINT WARNING * * *
You feel drained.
* * * LOW HITPOINT WARNING * * *
The wight misses you. The wight attacks as you move away!
The wight closely misses you. The wight attacks as you move away!
The wight hits you with a +0 flail!
* * * LOW HITPOINT WARNING * * *
You feel drained.
* * * LOW HITPOINT WARNING * * *
The wight attacks as you move away! The wight misses you.
The wight attacks as you move away! The wight completely misses you.
The wight attacks as you move away! The wight completely misses you.
There is a stone staircase leading up here.
The wight hits you from afar with a +3 spear.
* * * LOW HITPOINT WARNING * * *
You feel drained.
* * * LOW HITPOINT WARNING * * *
You climb upwards.
There is a stone staircase leading down here.
You hit the wight but do no damage.
The wight is severely damaged.
The wight closely misses you.
You hit the wight but do no damage.
The wight is severely damaged.
The wight hits you with a +0 flail.
You die...

#.....#....#..#.# #.#≈≈≈≈#.##
##.8^..#._..#..#.# #.####'#...
#..##.##....#.'#.# ##..........
#...####⌠.⌠.#....# #.........##
#....#######'....# #.........'.
#................# #.........##
#.#########))....# #.........##
#.# #....##..#####.........##
#.#######...)##.Y......##########
#.......'....'...z...#.#....# ##
######.##....#######.#.#.##.# #.
#..+....#.....#.#.#.##.####.
####....#.###...#...##....#.
####.#.###############.##
#.....#....# #.##.#
###...#.##.#####....#
#.....#(##.#.....####


You could see a wight.

Vanquished Creatures
  Prince Ribbit (D:5)
  Sigmund (D:5)
  4 yaks (D:9)
  2 steam dragons
  Duvessa (D:5)
  4 water moccasins
  3 sky beasts
  A black bear (D:6)
  An ice beast (D:5)
  5 orc warriors
  2 ogres
  A wolf (D:5)
  3 centaurs
  2 phantoms (D:6)
  9 kobold brigands
  4 bullfrogs
  A necrophage (D:5)
  4 scorpions
  10 wights
  4 howler monkeys (D:8)
  3 orc priests
  4 hounds
  3 iguanas
  Ijyb (D:4)
  3 orc wizards
  Robin (D:4)
  7 gnolls
  10 adders
  A shadow imp (D:6)
  4 white imps
  An ufetubus (D:6)
  2 worms (D:2)
  23 orcs
  6 ball pythons
  7 bats
  4 endoplasms
  3 giant cockroaches
  20 goblins
  7 hobgoblins
  A jackal (D:7)
  A frilled lizard (D:3)
  19 kobolds
  5 rats
199 creatures vanquished.

Vanquished Creatures (others)
  10 plants (D:4)
10 creatures vanquished.

Grand Total: 209 creatures vanquished

Notes
Turn   | Place    | Note
-------+----------+-------------------------------------------
     0 | D:1      | kae the Draconian Transmuter began the quest for the Orb.
     0 | D:1      | Reached XP level 1. HP: 16/16 MP: 3/3
   626 | D:1      | Reached XP level 2. HP: 17/23 MP: 3/5
   983 | D:1      | Found a faded altar of an unknown god.
  1173 | D:2      | Reached XP level 3. HP: 28/28 MP: 4/6
  1177 | D:2      | Learned a level 3 spell: Spider Form
  1737 | D:2      | Reached skill level 1 in Poison Magic
  1737 | D:2      | Reached XP level 4. HP: 36/36 MP: 7/7
  2096 | D:3      | Identified the ring "Onudyep" {rF+ rC+ Str+4 Dex+6}
  2383 | D:3      | Found a faded altar of an unknown god.
  2396 | D:3      | Found a glowing golden altar of the Shining One.
  2862 | D:4      | Noticed Ijyb
  3201 | D:4      | Noticed a scorpion
  3206 | D:4      | Killed a scorpion
  3207 | D:4      | Reached XP level 5. HP: 41/41 MP: 1/8
  3316 | D:4      | Learned a level 4 spell: Ice Form
  3474 | D:4      | Killed Ijyb
  3475 | D:4      | Reached skill level 4 in Unarmed Combat
  3574 | D:4      | Noticed Robin
  3583 | D:4      | Killed Robin
  4496 | D:5      | Entered Level 5 of the Dungeon
  4496 | D:5      | Noticed Duvessa
  4496 | D:5      | Noticed Dowan
  4496 | D:5      | Noticed Prince Ribbit
  4568 | D:5      | Reached skill level 1 in Ice Magic
  4568 | D:5      | Reached XP level 6. HP: 44/50 MP: 6/10
  4613 | D:5      | Identified the amulet "Pyoqohiz" {RegenMP Int+2}
  4996 | D:5      | Your scales start taking on a rich purple colour.
  4996 | D:5      | Reached XP level 7. HP: 57/57 MP: 8/12
  5016 | D:5      | Killed Prince Ribbit
  5017 | D:5      | Reached skill level 5 in Unarmed Combat
  5317 | D:5      | Killed Duvessa
  5318 | D:5      | Reached XP level 8. HP: 31/66 MP: 11/14
  5321 | D:5      | Noticed Dowan
  5321 | D:5      | Dowan changed into Dowan the wolf
  5327 | D:5      | Killed Dowan the wolf
  5962 | D:5      | Noticed Sigmund
  5974 | D:5      | Killed Sigmund
  5975 | D:5      | Reached skill level 6 in Unarmed Combat
  6738 | D:6      | Reached skill level 5 in Spellcasting
  6859 | D:6      | Reached skill level 5 in Ice Magic
  6859 | D:6      | Reached XP level 9. HP: 72/72 MP: 11/16
  6964 | D:6      | Reached skill level 5 in Transmutations
  7108 | D:6      | Found a staircase to the Ecumenical Temple.
  7239 | Temple   | Entered the Ecumenical Temple
  7343 | Temple   | Became a worshipper of Ru the Awakened
  7501 | D:7      | Reached skill level 7 in Unarmed Combat
  7525 | D:7      | Noticed Maggie
  7533 | D:7      | Noticed Maggie
  7533 | D:7      | Maggie changed into Maggie the jackal
  7539 | D:7      | Killed Maggie the jackal
  7646 | D:7      | Reached skill level 5 in Fighting
  8601 | D:8      | Identified the +3 broad axe of Liodgh {flame, Int+3}
  8679 | D:8      | Reached skill level 8 in Unarmed Combat
  9042 | D:8      | Found an iron altar of Okawaru.
  9234 | D:8      | Reached skill level 5 in Dodging
  9296 | D:8      | Found a radiant altar of Vehumet.
  9296 | D:8      | Found a white marble altar of Elyvilon.
  9328 | D:8      | Reached XP level 10. HP: 83/83 MP: 19/19
  9542 | D:8      | Found Uceeghya's Antique Weapon Shoppe.
  9604 | D:9      | Found a flagged portal.
  9677 | Bailey   | Entered a bailey
 10278 | Bailey   | Found a burning altar of Makhleb.
 10331 | Bailey   | Identified the +5 broad axe "Xanel" {flame, rCorr}
 10365 | D:9      | Found a staircase to the Orcish Mines.
 10375 | D:9      | Reached skill level 9 in Unarmed Combat
 10445 | D:9      | HP: 3/92 [wight/+3 spear (6)]
 10445 | D:9      | HP: 1/90 [wight/+3 spear (2)]
 10448 | D:8      | Slain by a wight

Illustrated notes

Levels and vault maps discovered:
D:1:      minmay_arrival_arboretum_small, layout_basic,
          shapermc_ecumenical_altar_acropolis, minivault_19, minmay_cut_off
D:2:      layout_loops_ring
D:3:      layout_loops_cross, nicolae_overflow_ecumenical_swirl
D:4:      layout_loops_corners, dreamdust_wishing_well, serial_bayou_lagoon_b,
          uniq_robin, uniq_ijyb
D:5:      layout_basic, minmay_misc_feat_chi, sigmund_army, uniq_duvessa,
          uniq_prince_ribbit1
D:6:      layout_rooms, minmay_temple_entry_mist, minmay_between
D:7:      layout_basic, feat_on_display, uniq_maggie
D:8:      layout_basic, general_overflow_altar, jmf_multi_god_temple,
          serial_shops, kennysheep_mini_moat
D:9:      minmay_statue_hallways, layout_basic, minmay_orc_entry_temple_small,
          enter_bailey_5, billiards_dpeg
Temple:   compressed_dpeg_circular_temple

Skill      XL: |  1  2  3  4  5  6  7  8  9 10 |
---------------+-------------------------------+-----
Dodging        | 2 3 5 |  5.5
Poison Magic   | 1 2 |  2.0
Transmutations | 3 4 5 6 |  6.6
Fighting       | 2 3 4 5 6 |  6.6
Unarmed Combat | 4 5 6 8 9 |  9.2
Ice Magic      | 1 2 3 5 |  5.0
Spellcasting   | 3 4 5 6 |  6.9

Action                   |  1- 3 |  4- 6 |  7- 9 | 10-12 || total
-------------------------+-------+-------+-------+-------++-------
Melee: Unarmed           |    84 |   125 |   264 |   111 ||   584
       Kick              |    17 |    16 |       |       ||    33
       Tailslap          |    10 |     4 |     3 |       ||    17
       Headbutt          |    11 |    14 |       |       ||    25
       Punch             |     2 |     3 |     4 |       ||     9
 Cast: Beastly Appendage |    21 |    19 |       |       ||    40
       Spider Form       |       |     9 |    14 |       ||    23
       Ice Form          |       |       |    20 |    11 ||    31
Evoke: Wand              |       |       |    11 |       ||    11
  Use: Scroll            |     1 |    12 |     4 |     3 ||    20
       Potion            |       |       |       |     1 ||     1
 Stab: Sleeping          |     1 |     2 |       |       ||     3
Armor: Skin              |    39 |    11 |    32 |    27 ||   109
Dodge: Dodged            |    68 |    94 |   213 |   109 ||   484

Table legend: (Time is in decaauts)
 A = Elapsed time spent in this place.
 B = Non-inter-level travel time spent in this place.
 C = Inter-level travel time spent in this place.
 D = Time resting spent in this place.
 E = Time spent auto-exploring this place.
 F = Levels seen in this place.
 G = Mean time per level.
                   A        B        C        D        E       F      G
               +--------+--------+--------+--------+--------+-----+--------+
         Total |  10428 |  10074 |    354 |    714 |   7733 |  11 |  948.0 |
       Dungeon |   9630 |   9314 |    316 |    650 |   7252 |   9 | 1070.0 |
        Temple |    132 |     95 |     37 |      0 |     78 |   1 |  132.0 |
        Bailey |    664 |    664 |      0 |     64 |    403 |   1 |  664.0 |
               +--------+--------+--------+--------+--------+-----+--------+

Top non-repeatable levels by time:
     D:5: 1736 daAuts
     D:4: 1451 daAuts
     D:6: 1258 daAuts
     D:1: 1113 daAuts
     D:3: 1049 daAuts
     D:7: 984 daAuts
     D:8: 948 daAuts
     D:2: 913 daAuts
  Bailey: 664 daAuts
     D:9: 176 daAuts
  Temple: 132 daAuts
